 Dungeon Crawl Stone Soup version 0.30-a0-365-ge7f957f1db (webtiles) character file.

Game seed: 6792283203874140277

191 manon the Chiller (level 5, 0/42 HPs)
             Began as a Naga Ice Elementalist on Nov 16, 2022.
             Slain by an adder (1 damage)
             ... in a sewer.
             The game lasted 00:19:07 (2519 turns).

manon the Chiller (Naga Ice Elementalist)           Turns: 2519, Time: 00:19:07

Health: 0/42       AC:  4    Str: 15    XL:     5   Next: 70%
Magic:  4/8        EV:  9    Int: 16    God:
Gold:   83         SH:  0    Dex:  8    Spells: 4/8 levels left

rFire   . . .      SeeInvis +    k - +2 dagger (flame)
rCold   . . .      Faith    .    (no shield)
rNeg    . . .      Spirit   .    a - +0 robe
rPois   +          Reflect  .    (no helmet)
rElec   .          Harm     .    (no cloak)
rCorr   .          Rampage  .    (no gloves)
Will    .....                    (no barding)
Stlth   +++.......               (no amulet)
HPRegen 0.27/turn                (no ring)
MPRegen 0.11/turn                (no ring)

@: brilliant, about to teleport, very slow
A: AC +1, large, see invisible, deformed body, poison resistance, slowness 2,
spit poison 1, naga tail 1, iridescent scales 1, clumsy 1, strong 1
a: Spit Poison


You were in a sewer.
You visited 1 branch of the dungeon, and saw 3 of its levels.
You also visited: Sewer.

You collected 83 gold pieces.

Inventory:

Hand Weapons
 k - a +2 dagger of flaming (weapon)
Missiles
 m - 2 poisoned darts (quivered)
Armour
 a - a +0 robe (worn)
Scrolls
 i - a scroll of noise {unknown}
 j - a scroll of butterflies {unknown}
 l - a scroll of poison {unknown}
Potions
 b - a potion of magic
 g - a potion of cancellation {unknown}
 n - a potion of invisibility {unknown}


   Skills:
 - Level 1.5 Dodging
 + Level 5.7 Stealth
 - Level 2.0 Spellcasting
 - Level 6.0 Ice Magic


You had 4 spell levels left.
You knew the following spells:

 Your Spells              Type           Power      Damage    Failure   Level
a - Freeze                Ice            100%       1d10      1%          1
b - Frozen Ramparts       Ice            62%        1d10      5%          3

Your spell library contained the following spells:

 Spells                   Type           Power      Damage    Failure   Level
 Ozocubu's Armour         Ice            31%        N/A       5%          3
 Ensorcelled Hibernation  Hex/Ice        32%        N/A       9%          2
 Passwall                 Tmut/Erth      1%         N/A       30%         2
 Swiftness                Air            2%         N/A       52%         3
 Summon Ice Beast         Ice/Summ       16%        N/A       52%         4


Dungeon Overview and Level Annotations

Branches:
Dungeon (3/15)              Sewer (1/1)

Altars:

Shops:
D:2 *


Innate Abilities, Weirdness & Mutations

Your serpentine skin is tough. (AC +1)
You have supernaturally acute eyesight. (SInv)
Armour fits poorly on your strangely shaped body.
Your system is resistant to poisons. (rPois)
You cover ground very slowly.
You can spit poison.
You have a snake-like lower body.
You are partially covered in iridescent scales. (AC +2)
You are clumsy. (Dex -2)
Your muscles are strong. (Str +4, Int/Dex -1)


Message History

Confirm with . or Enter, or press ? or * to list all spells.
Aiming: Freeze (safe; 1% risk of failure)
Press: ? - help, Shift-Dir - straight line, f/p - bullfrog
Aim: a bullfrog (water, severely wounded, slow)
You freeze the bullfrog.
You kill the bullfrog!
The bullfrog swells and bulges.
The bullfrog hits you. The adder bites you.
The ball python completely misses you. The bullfrog hits you.
* * * LOW HITPOINT WARNING * * *
Training target 6.0 for Ice Magic reached!
Your Ice Magic skill increases to level 6!
As you read the scroll labelled JAQOWK AKHOSU, it crumbles to dust.
It is a scroll of identify.
h - a scroll of teleportation The adder closely misses you.
The bullfrog barely misses you.
The ball python bites you but does no damage.
The adder closely misses you.
As you read the scroll of teleportation, it crumbles to dust.
You feel strangely unstable. The bullfrog closely misses you.
The ball python barely misses you. The adder completely misses you.
The bullfrog hits you.
* * * LOW HITPOINT WARNING * * *
It was a potion of mutation.
You feel extremely strange.
You feel clumsy.
You feel stronger.
Iridescent scales grow over part of your body.
The adder bites you but does no damage. The bullfrog hits you.
* * * LOW HITPOINT WARNING * * *
The ball python bites you but does no damage.
It was a potion of brilliance.
You feel clever all of a sudden. The bullfrog closely misses you.
The adder bites you but does no damage. The ball python bites you.
* * * LOW HITPOINT WARNING * * *
The ball python bites you.
* * * LOW HITPOINT WARNING * * *
The bullfrog hits you.
* * * LOW HITPOINT WARNING * * *
The adder bites you.
You die...

#~~≈≈~≈#
#≈~#~≈~#
#≈≈≈≈~~#
#~≈~~≈≈#
#≈≈≈~~≈#
#≈~~≈r≈#
#≈~~~~≈#
#≈≈~~≈≈#
#~~~~≈≈#
#≈~~~≈≈#
#~≈≈~≈≈#
#≈≈~≈~~#
#~~≈≈≈≈#
#≈≈l~.≈#
##~~..≈#
#≈SSF.~#
#.~[.~≈#
#≈≈@S~~#
#≈~.~†##
#≈≈≈~≈~#
#≈≈~≈†~#
#≈≈≈~≈≈#
#≈≈≈≈≈~#
#≈~~~~≈#
#≈≈≈~~≈#
#≈~~~~≈#
#≈≈~~≈≈#
#≈≈~≈≈~#
#≈~~~~~#
#~~~≈≈≈#
#.~~...#
##~....#
#......##
##......#


You could see a bullfrog, an adder, a river rat (wandering), 2 ball pythons and
a frilled lizard.

Vanquished Creatures
  A bullfrog (Sewer)
  3 river rats (Sewer)
  An adder (Sewer)
  2 worms (D:2)
  14 ball pythons
  3 bats
  5 endoplasms (D:1)
  3 giant cockroaches (D:3)
  8 goblins
  7 hobgoblins
  4 quokkas
  9 frilled lizards
  5 kobolds
  25 rats
90 creatures vanquished.

Notes
Turn   | Place    | Note
-------+----------+-------------------------------------------
     0 | D:1      | manon the Naga Ice Elementalist began the quest for the
                  | Orb.
     0 | D:1      | Reached XP level 1. HP: 15/15 MP: 3/3
   252 | D:1      | Reached XP level 2. HP: 22/22 MP: 3/5
   772 | D:1      | Reached XP level 3. HP: 28/28 MP: 4/6
  1383 | D:2      | Found Veciaq's General Store.
  1498 | D:2      | Reached skill level 5 in Ice Magic
  1502 | D:2      | Learned a level 3 spell: Frozen Ramparts
  1775 | D:2      | Reached XP level 4. HP: 16/36 MP: 1/7
  1915 | D:3      | Found a glowing drain.
  1948 | Sewer    | Entered a sewer
  2337 | Sewer    | Reached skill level 5 in Stealth
  2400 | Sewer    | Reached XP level 5. HP: 38/42 MP: 4/8
  2516 | Sewer    | Reached skill level 6 in Ice Magic
  2518 | Sewer    | Gained mutation: You are clumsy. (Dex -2) [potion of
                  | mutation]
  2518 | Sewer    | Gained mutation: Your muscles are strong. (Str +4, Int/Dex
                  | -1) [potion of mutation]
  2518 | Sewer    | Gained mutation: You are partially covered in iridescent
                  | scales. (AC +2) [potion of mutation]
  2519 | Sewer    | HP: 1/42 [bullfrog (3)]
  2519 | Sewer    | Slain by an adder

Illustrated notes

Levels and vault maps discovered:
D:1:      dpeg_arrival_morbid_curiosity, layout_basic
D:2:      layout_basic, serial_shops, shop_statue
D:3:      minmay_chambers_of_threes, layout_basic, portal_sewer_entry_f
Sewer:    sewer_minmay_w

Skill      XL: |  1  2  3  4  5 |
---------------+----------------+-----
Stealth        | 4 5 |  5.7
Ice Magic      | 5 6 |  6.0
Dodging        | |  1.5
Spellcasting   | |  2.0

Action                   |  1- 3 |  4- 6 || total
-------------------------+-------+-------++-------
Melee: Unarmed           |     1 |       ||     1
       Dagger            |    13 |    53 ||    66
       Punch             |       |     1 ||     1
Throw: Stone             |    40 |       ||    40
       Dart              |       |     6 ||     6
 Cast: Freeze            |    57 |    19 ||    76
       Frozen Ramparts   |       |     8 ||     8
 Abil: Spit Poison       |     9 |     4 ||    13
  Use: Scroll            |       |     2 ||     2
       Potion            |       |     2 ||     2
 Stab: Sleeping          |     1 |     2 ||     3
Armor: Robe              |     9 |    17 ||    26
Dodge: Dodged            |    19 |    39 ||    58

Table legend: (Time is in decaauts)
 A = Elapsed time spent in this place.
 B = Non-inter-level travel time spent in this place.
 C = Inter-level travel time spent in this place.
 D = Time resting spent in this place.
 E = Time spent auto-exploring this place.
 F = Levels seen in this place.
 G = Mean time per level.
                   A        B        C        D        E       F      G
               +--------+--------+--------+--------+--------+-----+--------+
         Total |   3163 |   3068 |     95 |    785 |    882 |   4 |  790.8 |
       Dungeon |   2424 |   2329 |     95 |    546 |    882 |   3 |  808.0 |
         Sewer |    739 |    739 |      0 |    239 |      0 |   1 |  739.0 |
               +--------+--------+--------+--------+--------+-----+--------+

Top non-repeatable levels by time:
     D:1: 1572 daAuts
     D:2: 801 daAuts
   Sewer: 739 daAuts
     D:3: 51 daAuts
